 Dungeon Crawl Stone Soup version 0.20.1-1-g8b1a95d (webtiles) character file.

1071 Meenos the Chopper (level 8, -2/69 HPs)
             Began as a Hill Orc Fighter on Oct 31, 2017.
             Shot with an arrow by a centaur (3 damage)
             ... on level 5 of the Dungeon.
             The game lasted 01:44:25 (3431 turns).

Meenos the Chopper (Hill Orc Fighter)               Turns: 3431, Time: 01:44:26

Health: -2/69      AC:  6    Str: 26 (28) XL:     8   Next: 28%
Magic:  8/8        EV:  7    Int: 11 (13) God:
Gold:   386        SH:  9    Dex:  7 (10) Spells: 7/7 levels left

rFire    . . .     SeeInvis .   a - +0 war axe
rCold    . . .     Gourm    .   c - +0 shield
rNeg     . . .     Faith    .   b - +0 scale mail
rPois    .         Spirit   .   (no helmet)
rElec    .         Reflect  .   (no cloak)
rCorr    .         Harm     .   (no gloves)
MR       .....     Rnd*Rage +   (no boots)
Stlth    ..........             (no amulet)
Regen    0.3/turn               (no ring)
MPRegen  0.2/turn               (no ring)

@: mighty, brilliant, heavily drained
A: hooves 1, berserk 1, strong 1, sturdy frame 1
a: no special abilities


You were on level 5 of the Dungeon.
You were full.

You visited 2 branches of the dungeon, and saw 6 of its levels.

You collected 386 gold pieces.

Inventory:

Hand Weapons
 a - a +0 war axe (weapon)
 g - a +0 hand axe of chopping
 q - a +0 club
 r - a +0 arbalest
 u - a +0 trident
 z - a +0 short sword
 L - a +0 dagger
 O - a +0 club
 P - a +0 club
 Q - a cursed -1 club
 R - a +0 club
 S - a cursed -3 club
 T - a +0 dagger
 U - a +1 dagger of flaming
 V - a +0 whip
 W - a +0 mace
Missiles
 j - 6 tomahawks (quivered)
 s - 177 stones
 x - 71 arrows
Armour
 b - a +0 scale mail (worn)
 c - a +0 shield (worn)
 e - a +0 robe
 i - a +0 robe
 n - a +0 ring mail
 t - a +0 ring mail
 B - a +0 scale mail
 C - a +0 leather armour
 J - a +0 ring mail
 Z - a +0 ring mail of magic resistance
Jewellery
 l - an uncursed amulet of faith {unknown}
 G - a +5 ring of strength {unknown}
Wands
 X - a wand of digging (14/24)
Scrolls
 o - 7 scrolls of identify {unknown}
 p - 3 scrolls of remove curse {unknown}
 v - a scroll of teleportation {unknown}
 A - a scroll of amnesia {unknown}
 I - a scroll of enchant weapon {unknown}
Potions
 d - a potion of might
 h - a potion of mutation
 k - a potion of curing
Comestibles
 f - 3 bread rations
 m - a royal jelly
 D - a fruit


   Skills:
 + Level 5.6(2.7) Fighting
 + Level 7.8(4.7) Axes
 + Level 1.3(0.0) Throwing
 + Level 5.7(2.8) Armour
 + Level 2.0(0.0) Dodging
 + Level 0.1(0.0) Stealth
 + Level 5.1(2.2) Shields


You had 7 spell levels left.
You didn't know any spells.

Dungeon Overview and Level Annotations

Branches:
Dungeon (5/15)             Temple (1/1) D:4

Altars:
Ashenzari
Dithmenos
Elyvilon
Fedhas
Gozag
Hepliaklqana
Kikubaaqudgha
Makhleb
Nemelex Xobeh
Okawaru
Qazlal
Sif Muna
Trog
Uskayaw
Xom
Zin
The Shining One


Innate Abilities, Weirdness & Mutations

You have large cloven feet.
You tend to lose your temper in combat.
Your muscles are strong. (Str +2)
Your movements are slightly less encumbered by armour. (ER -2)


Message History

You throw a tomahawk.
The tomahawk closely misses the centaur.
The centaur shoots an arrow.
The arrow barely misses you.
The centaur shoots an arrow.
The arrow hits you.
* * * LOW HITPOINT WARNING * * *
x2 It was a potion of brilliance.
You feel clever all of a sudden.
The centaur shoots an arrow.
The arrow hits you but does no damage.
It was a potion of degeneration.
There was something very wrong with that liquid.
You feel weakened.
You feel dopey.
You feel clumsy.
The centaur shoots an arrow.
You block the arrow.
Throwing (i - inventory. (,) - cycle):
j - 7 tomahawks (quivered)
Press: ? - help, Shift-Dir - straight line, f/p - centaur
Aim: a centaur, wielding a shortbow of velocity You throw a tomahawk.
The tomahawk hits the centaur but does no damage.
The centaur shoots an arrow.
The arrow hits you!
* * * LOW HITPOINT WARNING * * *
You die...

#....# ....
##.#.......# .......
##.### #.#.###..####
.....### #..
#...#.......# . .....#
### ##..##.......##..
.....#
#.####..)##..........#
.....
#.................##..
######.............# #
#.(.....†....##.####
#....(@.)...c##.#
#............(..#
.......(.....##..#
......(......##...#
............?###....
........!....# #..#.
...(.........# .#
..........####


You could see a centaur.

Vanquished Creatures
  The ghost of dainius the Cleaver, an amateur MiMo (D:4)
  Grinder (D:3)
  An ogre (D:5)
  A big kobold (D:4)
  A crimson imp (D:5)
  A centaur zombie (D:5)
  5 hounds
  3 orc wizards (D:3)
  An orc priest (D:3)
  A worker ant (D:5)
  A hound zombie (D:5)
  Robin (D:3)
  2 adders (D:3)
  4 oozes
  A worm (D:2)
  2 dart slugs
  2 leopard geckos
  7 orcs
  2 bats
  6 giant cockroaches
  12 goblins
  12 hobgoblins
  2 jackals (D:1)
  3 quokkas
  2 ball pythons (D:2)
  4 frilled lizards
  15 kobolds
  7 rats
101 creatures vanquished.

Notes
Turn   | Place    | Note
-------+----------+-------------------------------------------
     0 | D:1      | Meenos the Hill Orc Fighter began the quest for the Orb.
     0 | D:1      | Reached XP level 1. HP: 19/19 MP: 1/1
    30 | D:1      | Reached XP level 2. HP: 22/27 MP: 2/2
   114 | D:1      | Reached skill level 3 in Axes
   320 | D:2      | Reached XP level 3. HP: 25/33 MP: 3/3
  1651 | D:3      | Reached XP level 4. HP: 38/40 MP: 4/4
  1679 | D:3      | Noticed Robin
  1720 | D:3      | Killed Robin
  1720 | D:3      | Reached skill level 4 in Axes
  1819 | D:3      | Reached skill level 1 in Dodging
  1819 | D:3      | Reached XP level 5. HP: 30/46 MP: 5/5
  1838 | D:3      | Reached skill level 5 in Axes
  1994 | D:3      | Noticed Grinder
  2000 | D:3      | Paralysed by Grinder for 5 turns
  2015 | D:3      | Killed Grinder
  2015 | D:3      | Reached skill level 5 in Fighting
  2015 | D:3      | Reached skill level 6 in Axes
  2015 | D:3      | Reached XP level 6. HP: 5/56 MP: 6/6
  2219 | D:3      | Reached XP level 7. HP: 29/61 MP: 7/7
  2641 | D:4      | Found a staircase to the Ecumenical Temple.
  2661 | Temple   | Entered the Ecumenical Temple
  3009 | D:4      | Found a shattered altar of Ashenzari.
  3094 | D:4      | Noticed dainius's ghost (amateur MiMo)
  3133 | D:4      | Killed dainius's ghost
  3133 | D:4      | Reached skill level 7 in Axes
  3133 | D:4      | Reached skill level 5 in Armour
  3234 | D:5      | Entered Level 5 of the Dungeon
  3253 | D:5      | Reached XP level 8. HP: 34/69 MP: 8/8
  3326 | D:5      | Gained mutation: You tend to lose your temper in combat. [potion of mutation]
  3326 | D:5      | Gained mutation: Your movements are slightly less encumbered by armour. (ER -2) [potion of mutation]
  3326 | D:5      | Gained mutation: You have large cloven feet. [potion of mutation]
  3326 | D:5      | Gained mutation: Your muscles are strong. (Str +2) [potion of mutation]
  3350 | D:5      | Reached skill level 1 in Throwing
  3350 | D:5      | Reached skill level 5 in Shields
  3431 | D:5      | HP: 1/69 [centaur/arrow (7)]
  3431 | D:5      | Shot with an arrow by a centaur

Skill      XL: |  1  2  3  4  5  6  7  8 |
---------------+-------------------------+-----
Axes           | 3 4 6 7 |  7.8
Fighting       | 4 5 |  5.6
Armour         | 4 5 |  5.7
Dodging        | 1 2 |  2.0
Shields        | 4 5 |  5.1
Throwing       | 1 |  1.3
Stealth        | |  0.1

Action                   |  1- 3 |  4- 6 |  7- 9 || total
-------------------------+-------+-------+-------++-------
Melee: War axe           |   115 |   108 |   119 ||   342
       Hand axe          |       |       |     6 ||     6
       Kick              |       |       |     6 ||     6
Throw: Tomahawk          |       |    10 |    25 ||    35
       Stone             |       |     5 |       ||     5
  Use: Potion            |       |     1 |     4 ||     5
  Eat: Bread ration      |     1 |       |     1 ||     2
       Meat ration       |       |     1 |       ||     1
Armor: Scale mail        |    52 |    35 |    52 ||   139
Dodge: Dodged            |    30 |    40 |    31 ||   101
Block: Shield            |    40 |    55 |    51 ||   146
